| TOP OF THE 1ST |
|
Rome Braves batting - Pitching for Batavia Muckdogs : LHP Matt Boehm
|
|
Pitching: LHP Matt Boehm
|
|
|
Batting: LHB Javier Rubio
|
0-0: Ball 1-0: Ground out 1-3 (Groundball, 34S, EV 71.9 MPH)
|
|
Batting: SHB Jose Melendez
|
0-0: Called Strike 0-1: Swinging Strike 0-2: Ball 1-2: Strikes out swinging
|
|
Batting: RHB Tim Molchan
|
0-0: Fly out, F7 (Flyball, 78M, EV 93.8 MPH)
|
| Top of the 1st over - 0 runs, 0 hits, 0 errors, 0 left on base; Rome 0 - Batavia 0 |
| BOTTOM OF THE 1ST |
|
Batavia Muckdogs batting - Pitching for Rome Braves : LHP John Grinter
|
|
Pitching: LHP John Grinter
|
|
|
Batting: LHB Orlando Rivera
|
0-0: Ball 1-0: Ball 2-0: SINGLE (Groundball, 6MD, EV 111.9 MPH)
|
|
Batting: RHB Orlando Landa
|
0-0: Hit by Pitch Orlando Rivera to second
|
|
Batting: RHB Manuel Taveras
|
0-0: Called Strike 0-1: Called Strike 0-2: Strikes out swinging
|
|
Batting: SHB Matt Moore
|
0-0: Ball 1-0: Ball 2-0: Ball 3-0: Base on Balls Orlando Rivera to third Orlando Landa to second
|
|
Batting: RHB Nate Crofts
|
0-0: Ball 1-0: Swinging Strike 1-1: Swinging Strike 1-2: Ball 2-2: Strikes out swinging
|
|
Batting: LHB Matt McKeon
|
0-0: Ball 1-0: Foul Ball, location: 2F 1-1: Called Strike 1-2: Strikes out swinging
|
| Bottom of the 1st over - 0 runs, 1 hit, 0 errors, 3 left on base; Rome 0 - Batavia 0 |
| TOP OF THE 2ND |
|
Rome Braves batting - Pitching for Batavia Muckdogs : LHP Matt Boehm
|
|
Batting: SHB Jordan Barragan
|
0-0: Ball 1-0: Called Strike 1-1: Ball 2-1: Ball 3-1: Foul Ball, location: 2F 3-2: Base on Balls
|
|
Batting: LHB Ryan Murdock
|
0-0: Called Strike 0-1: Ball Jordan Barragan is caught stealing 2nd base 2-6 1-1: Called Strike 1-2: Ball 2-2: Strikes out looking
|
|
Batting: LHB Joe Phillips
|
0-0: Ball 1-0: Ball 2-0: Ground out 6-3 (Groundball, 6, EV 78.8 MPH)
|
| Top of the 2nd over - 0 runs, 0 hits, 0 errors, 0 left on base; Rome 0 - Batavia 0 |
| BOTTOM OF THE 2ND |
|
Batavia Muckdogs batting - Pitching for Rome Braves : LHP John Grinter
|
|
Batting: RHB Justin Dunham
|
0-0: DOUBLE (Flyball, 8RD, EV 98.8 MPH)
|
|
Batting: SHB Justin Corbett
|
0-0: Called Strike 0-1: Called Strike 0-2: Ball 1-2: Strikes out swinging
|
|
Batting: RHB Axel Moltke
|
0-0: Called Strike 0-1: Foul Ball, location: 2F 0-2: Strikes out swinging
|
|
Batting: LHB Orlando Rivera
|
0-0: Ball 1-0: Ground out 6-3 (Groundball, 6, EV 83.1 MPH)
|
| Bottom of the 2nd over - 0 runs, 1 hit, 0 errors, 1 left on base; Rome 0 - Batavia 0 |
| TOP OF THE 3RD |
|
Rome Braves batting - Pitching for Batavia Muckdogs : LHP Matt Boehm
|
|
Batting: RHB Gerard Michel
|
0-0: Called Strike 0-1: Ball 1-1: Reached on error, E5 (Groundball, 56, EV 90.0 MPH)
|
|
Batting: RHB George Provance
|
0-0: Ball 1-0: Ground out 6-3 (Groundball, 6S, EV 67.5 MPH) Gerard Michel to third
|
|
Batting: LHB Malik Boulay
|
0-0: Called Strike 0-1: Ball 1-1: Ground out 4-3 (Groundball, 4S, EV 66.9 MPH) Gerard Michel scores
|
|
Batting: LHB Javier Rubio
|
0-0: DOUBLE (Line Drive, 5D, EV 98.8 MPH)
|
|
Batting: SHB Jose Melendez
|
0-0: Ball 1-0: Swinging Strike 1-1: Ball 2-1: SINGLE (Line Drive, 7S, EV 101.9 MPH) Javier Rubio to third
|
|
Batting: RHB Tim Molchan
|
0-0: Ball 1-0: Called Strike 1-1: Ball 2-1: Swinging Strike 2-2: Ground out 4-3 (Groundball, 4, EV 83.8 MPH)
|
| Top of the 3rd over - 1 run, 2 hits, 1 error, 2 left on base; Rome 1 - Batavia 0 |
| BOTTOM OF THE 3RD |
|
Batavia Muckdogs batting - Pitching for Rome Braves : LHP John Grinter
|
|
Batting: RHB Orlando Landa
|
0-0: Ball 1-0: Foul Ball, location: 2F 1-1: Ball 2-1: Foul Ball, location: 2F 2-2: Strikes out swinging
|
|
Batting: RHB Manuel Taveras
|
0-0: Called Strike 0-1: Ball 1-1: Ball 2-1: Ball 3-1: Foul Ball, location: 2F 3-2: Strikes out swinging
|
|
Batting: SHB Matt Moore
|
0-0: Ball 1-0: Fly out, F7 (Flyball, 7, EV 84.4 MPH)
|
| Bottom of the 3rd over - 0 runs, 0 hits, 0 errors, 0 left on base; Rome 1 - Batavia 0 |
| TOP OF THE 4TH |
|
Rome Braves batting - Pitching for Batavia Muckdogs : LHP Matt Boehm
|
|
Batting: SHB Jordan Barragan
|
0-0: Ball 1-0: Ball 2-0: SOLO HOME RUN (Flyball, 9D, EV 95.0 MPH), Distance : 373 ft
|
|
Batting: LHB Ryan Murdock
|
0-0: Ball 1-0: SINGLE (Line Drive, 7S, EV 93.1 MPH)
|
|
Batting: LHB Joe Phillips
|
0-0: Foul Ball, location: 2F 0-1: Foul Ball, location: 2F 0-2: SINGLE (Line Drive, 8RS, EV 111.9 MPH) Ryan Murdock to second
|
|
Batting: RHB Gerard Michel
|
0-0: 3-RUN HOME RUN (Flyball, 7D, EV 98.8 MPH), Distance : 374 ft
|
|
Batting: RHB George Provance
|
0-0: Called Strike 0-1: Swinging Strike 0-2: Ball 1-2: Strikes out swinging, 2-3 out at first.
|
|
Batting: LHB Malik Boulay
|
0-0: Ball 1-0: Foul Ball, location: 2F 1-1: SOLO HOME RUN (Line Drive, 9LD, EV 97.5 MPH), Distance : 350 ft
|
|
Batting: LHB Javier Rubio
|
0-0: Swinging Strike 0-1: Ball 1-1: Ball 2-1: Foul Ball, location: 2F 2-2: Ball 3-2: Foul Ball, location: 2F 3-2: SINGLE (Groundball, 25, EV 68.1 MPH) (infield hit)
|
|
Pitching: RHP Adrian Bocker
|
|
|
Batting: SHB Jose Melendez
|
0-0: Ball Javier Rubio steals 2nd base 1-0: Ball 2-0: SINGLE (Groundball, 5L, EV 96.9 MPH) (infield hit) Javier Rubio to third
|
|
Batting: RHB Tim Molchan
|
0-0: Ball 1-0: Ball 2-0: Ball 3-0: Base on Balls Jose Melendez to second
|
|
Batting: SHB Jordan Barragan
|
0-0: Called Strike 0-1: Swinging Strike 0-2: Ball 1-2: Foul Ball, location: 2F 1-2: Ball 2-2: DOUBLE (Flyball, 9LD, EV 97.5 MPH) Javier Rubio scores Jose Melendez scores Tim Molchan to third Runner from 3rd tries for Home, SAFE, no throw by RF
|
|
Batting: LHB Ryan Murdock
|
0-0: Called Strike 0-1: Swinging Strike 0-2: Ball Wild Pitch! Jordan Barragan to third 1-2: Ball 2-2: Ball 3-2: Base on Balls
|
|
Batting: LHB Joe Phillips
|
0-0: Ball 1-0: Ball 2-0: Ball 3-0: Base on Balls Ryan Murdock to second
|
|
Batting: RHB Gerard Michel
|
0-0: Called Strike 0-1: Fly out, F8 (Flyball, 8RM, EV 96.9 MPH) Runner from 3rd tags up, SCORES, throw by CF
|
|
Batting: RHB George Provance
|
0-0: Ball 1-0: Ball Balk! Ryan Murdock to third Joe Phillips to second 2-0: Ball 3-0: Called Strike 3-1: Called Strike 3-2: Ground out U3 (Groundball, 3, EV 109.4 MPH)
|
| Top of the 4th over - 9 runs, 8 hits, 0 errors, 2 left on base; Rome 10 - Batavia 0 |
| BOTTOM OF THE 4TH |
|
Batavia Muckdogs batting - Pitching for Rome Braves : LHP John Grinter
|
|
Batting: RHB Nate Crofts
|
0-0: Called Strike 0-1: SINGLE (Groundball, 6D, EV 96.2 MPH)
|
|
Batting: LHB Matt McKeon
|
0-0: Ball 1-0: Swinging Strike 1-1: DOUBLE (Line Drive, 7LM, EV 111.2 MPH) Nate Crofts to third
|
|
Batting: RHB Justin Dunham
|
0-0: Foul Ball, location: 2F 0-1: Ball 1-1: Ball 2-1: Foul Ball, location: 2F 2-2: Ball 3-2: Ground out 6-3 (Groundball, 6, EV 91.2 MPH) Nate Crofts scores Matt McKeon to third
|
|
Batting: SHB Justin Corbett
|
0-0: Foul Ball, location: 2F 0-1: Fly out, F6 (Popup, 56, EV 75.0 MPH)
|
|
Batting: RHB Axel Moltke
|
0-0: Called Strike 0-1: Called Strike 0-2: Strikes out swinging
|
| Bottom of the 4th over - 1 run, 2 hits, 0 errors, 1 left on base; Rome 10 - Batavia 1 |
| TOP OF THE 5TH |
|
Rome Braves batting - Pitching for Batavia Muckdogs : RHP Adrian Bocker
|
|
Batting: LHB Malik Boulay
|
0-0: Ball 1-0: Called Strike 1-1: Ball 2-1: Ball 3-1: Foul Ball, location: 2F 3-2: Foul Ball, location: 2F 3-2: Ground out 6-3 (Groundball, 6M, EV 108.1 MPH)
|
|
Batting: LHB Javier Rubio
|
0-0: Foul Ball, location: 2F 0-1: Ball 1-1: Ground out 1-3 (Groundball, 34S, EV 68.1 MPH)
|
|
Batting: SHB Jose Melendez
|
0-0: Called Strike 0-1: Called Strike 0-2: SINGLE (Groundball, 34D, EV 107.5 MPH) (infield hit)
|
|
Batting: RHB Tim Molchan
|
0-0: Ground out 6-3 (Groundball, 6S, EV 78.8 MPH)
|
| Top of the 5th over - 0 runs, 1 hit, 0 errors, 1 left on base; Rome 10 - Batavia 1 |
| BOTTOM OF THE 5TH |
|
Batavia Muckdogs batting - Pitching for Rome Braves : LHP John Grinter
|
|
Batting: LHB Orlando Rivera
|
0-0: Ball 1-0: Ball 2-0: Ball 3-0: Base on Balls
|
|
Batting: RHB Orlando Landa
|
0-0: Ball 1-0: Ball 2-0: Reached on error, E4 (Groundball, 4, EV 86.9 MPH) Orlando Rivera to second
|
|
Batting: RHB Manuel Taveras
|
0-0: Called Strike Orlando Rivera is caught stealing 3rd base 2-5 Orlando Landa to second 0-1: Called Strike 0-2: Strikes out swinging
|
|
Batting: SHB Matt Moore
|
0-0: Fly out, F4 (Popup, 4S, EV 64.4 MPH)
|
| Bottom of the 5th over - 0 runs, 0 hits, 1 error, 1 left on base; Rome 10 - Batavia 1 |
| TOP OF THE 6TH |
|
Rome Braves batting - Pitching for Batavia Muckdogs : RHP Adrian Bocker
|
|
Batting: SHB Jordan Barragan
|
0-0: Ball 1-0: Ball 2-0: Swinging Strike 2-1: Swinging Strike 2-2: Strikes out swinging
|
|
Batting: LHB Ryan Murdock
|
0-0: DOUBLE (Line Drive, 9LS, EV 111.9 MPH)
|
|
Batting: LHB Joe Phillips
|
0-0: Hit by Pitch
|
|
Batting: RHB Gerard Michel
|
0-0: Ball 1-0: SINGLE (Groundball, 56D, EV 97.5 MPH) Ryan Murdock to third Joe Phillips to second Runner from 3rd tries for Home, SAFE, throw by LF to home
|
|
Pitching: RHP Eric Jordan
|
|
|
Batting: RHB George Provance
|
0-0: Swinging Strike 0-1: Foul Ball, location: 2F 0-2: Foul Ball, location: 2F 0-2: Fly out, F3 (Popup, 3, EV 69.4 MPH)
|
|
Batting: LHB Malik Boulay
|
0-0: Called Strike 0-1: Swinging Strike 0-2: Ground out 4-3 (Groundball, 4, EV 89.4 MPH)
|
| Top of the 6th over - 1 run, 2 hits, 0 errors, 2 left on base; Rome 11 - Batavia 1 |
| BOTTOM OF THE 6TH |
|
Batavia Muckdogs batting - Pitching for Rome Braves : LHP John Grinter
|
|
Batting: RHB Nate Crofts
|
0-0: Ball 1-0: Called Strike 1-1: Ball 2-1: Called Strike 2-2: Strikes out looking
|
|
Batting: LHB Matt McKeon
|
0-0: Called Strike 0-1: Ball 1-1: Ball 2-1: Foul Ball, location: 2F 2-2: Foul Ball, location: 2F 2-2: Foul Ball, location: 2F 2-2: Ball 3-2: Foul Ball, location: 2F 3-2: Foul Ball, location: 2F 3-2: TRIPLE (Flyball, 89XD, EV 105.6 MPH)
|
|
Batting: RHB Justin Dunham
|
0-0: Fly out, F9 (Flyball, 9S, EV 94.4 MPH)
|
|
Batting: SHB Justin Corbett
|
0-0: Fly out, F9 (Flyball, 89D, EV 83.8 MPH)
|
| Bottom of the 6th over - 0 runs, 1 hit, 0 errors, 1 left on base; Rome 11 - Batavia 1 |
| TOP OF THE 7TH |
|
Rome Braves batting - Pitching for Batavia Muckdogs : RHP Eric Jordan
|
|
Batting: LHB Javier Rubio
|
0-0: Ball 1-0: Foul Ball, location: 2F 1-1: Called Strike 1-2: Fly out, F6 (Line Drive, 56D, EV 66.2 MPH)
|
|
Batting: SHB Jose Melendez
|
0-0: Ball 1-0: Ball 2-0: Ball 3-0: Base on Balls
|
|
Batting: RHB Tim Molchan
|
0-0: Ball 1-0: Called Strike 1-1: Grounds into double play, 4-6-3 (Groundball, 4M, EV 82.5 MPH)
|
| Top of the 7th over - 0 runs, 0 hits, 0 errors, 0 left on base; Rome 11 - Batavia 1 |
| BOTTOM OF THE 7TH |
|
Batavia Muckdogs batting - Pitching for Rome Braves : LHP John Grinter
|
|
Batting: RHB Axel Moltke
|
0-0: Ball 1-0: Called Strike 1-1: DOUBLE (Groundball, 5L, EV 103.1 MPH)
|
|
Batting: LHB Orlando Rivera
|
0-0: Ball 1-0: Called Strike 1-1: Ball 2-1: Foul Ball, location: 2F 2-2: Foul Ball, location: 2F 2-2: Foul Ball, location: 2F 2-2: Ball Wild Pitch! Axel Moltke to third 3-2: Fly out, F8 (Flyball, 8RS, EV 89.4 MPH)
|
|
Batting: RHB Orlando Landa
|
0-0: Foul Ball, location: 2F 0-1: Foul Ball, location: 2F 0-2: Foul Ball, location: 2F 0-2: Ball 1-2: Strikes out swinging
|
|
Pitching: RHP Jeremy Hurley
|
|
|
Batting: RHB Manuel Taveras
|
0-0: Swinging Strike 0-1: Foul Ball, location: 2F 0-2: SINGLE (Line Drive, 6MD, EV 97.5 MPH) Axel Moltke scores
|
|
Batting: SHB Matt Moore
|
0-0: Ball 1-0: Ball 2-0: Foul Ball, location: 2F 2-1: Called Strike 2-2: Strikes out swinging
|
| Bottom of the 7th over - 1 run, 2 hits, 0 errors, 1 left on base; Rome 11 - Batavia 2 |
| TOP OF THE 8TH |
|
Rome Braves batting - Pitching for Batavia Muckdogs : RHP Eric Jordan
|
|
Batting: SHB Jordan Barragan
|
0-0: Ball 1-0: Called Strike 1-1: Called Strike 1-2: Strikes out looking
|
|
Batting: LHB Ryan Murdock
|
0-0: Called Strike 0-1: Ball 1-1: Called Strike 1-2: Ball 2-2: Ground out 4-3 (Groundball, 4, EV 108.1 MPH)
|
|
Batting: LHB Joe Phillips
|
0-0: Called Strike 0-1: Called Strike 0-2: Ball 1-2: Ground out 4-3 (Groundball, 4, EV 80.0 MPH)
|
| Top of the 8th over - 0 runs, 0 hits, 0 errors, 0 left on base; Rome 11 - Batavia 2 |
| BOTTOM OF THE 8TH |
|
Batavia Muckdogs batting - Pitching for Rome Braves : RHP Jeremy Hurley
|
|
Batting: RHB Nate Crofts
|
0-0: Swinging Strike 0-1: Foul Ball, location: 2F 0-2: Ball 1-2: Foul Ball, location: 2F 1-2: Ball 2-2: Foul Ball, location: 2F 2-2: Strikes out swinging
|
|
Batting: LHB Matt McKeon
|
0-0: Called Strike 0-1: Ball 1-1: Called Strike 1-2: Fly out, F7 (Flyball, 7D, EV 102.5 MPH)
|
|
Batting: RHB Justin Dunham
|
0-0: Ball 1-0: Called Strike 1-1: Foul Ball, location: 2F 1-2: Ball 2-2: Strikes out swinging
|
| Bottom of the 8th over - 0 runs, 0 hits, 0 errors, 0 left on base; Rome 11 - Batavia 2 |
| TOP OF THE 9TH |
|
Rome Braves batting - Pitching for Batavia Muckdogs : RHP Eric Jordan
|
|
Batting: RHB Gerard Michel
|
0-0: Ball 1-0: Called Strike 1-1: Foul Ball, location: 2F 1-2: Ball 2-2: Foul Ball, location: 2F 2-2: Ball 3-2: Foul Ball, location: 2F 3-2: Base on Balls
|
|
Batting: RHB George Provance
|
0-0: Ball Wild Pitch! Gerard Michel to second 1-0: Ball 2-0: Called Strike 2-1: Called Strike 2-2: SINGLE (Groundball, 6S, EV 70.0 MPH) (infield hit) Gerard Michel to third
|
|
Pinch Hitting: RHB Phil Holman
|
0-0: Ball 1-0: Ball Balk! Gerard Michel scores George Provance to second 2-0: Ball 3-0: Called Strike 3-1: DOUBLE (Groundball, 5L, EV 109.4 MPH) George Provance scores
|
|
Pinch Runner at 2nd Yojiro Hayashi:
|
|
|
Batting: LHB Javier Rubio
|
0-0: Fly out, F9 (Flyball, 89M, EV 90.6 MPH)
|
|
Pitching: RHP Tony Ledezma
|
|
|
Batting: SHB Jose Melendez
|
0-0: Ball 1-0: Ground out 5-3 (Groundball, 56, EV 88.1 MPH)
|
|
Batting: RHB Tim Molchan
|
0-0: Ball 1-0: Ball 2-0: Ball 3-0: Called Strike 3-1: Base on Balls
|
|
Batting: SHB Jordan Barragan
|
0-0: Ball 1-0: Ground out U3 (Groundball, 3L, EV 91.9 MPH)
|
| Top of the 9th over - 2 runs, 2 hits, 0 errors, 2 left on base; Rome 13 - Batavia 2 |
| BOTTOM OF THE 9TH |
|
Batavia Muckdogs batting - Pitching for Rome Braves : RHP Jeremy Hurley
|
|
Now at 2B: Joe Phillips
|
|
|
Now at SS: Adrian Billups
|
|
|
Batting: SHB Justin Corbett
|
0-0: Ball 1-0: Foul Ball, location: 2F 1-1: Foul Ball, location: 2F 1-2: Strikes out swinging
|
|
Batting: RHB Axel Moltke
|
0-0: Called Strike 0-1: SINGLE (Flyball, 4MD, EV 88.1 MPH)
|
|
Batting: LHB Orlando Rivera
|
0-0: Ball 1-0: Called Strike 1-1: Swinging Strike 1-2: Strikes out looking
|
|
Pinch Hitting: RHB Chris Riddick
|
0-0: SINGLE (Groundball, 6MD, EV 100.0 MPH) Axel Moltke to second
|
|
Batting: RHB Manuel Taveras
|
0-0: Ball 1-0: Foul Ball, location: 2F 1-1: Ball 2-1: Foul Ball, location: 2F 2-2: Ball 3-2: TRIPLE (Flyball, 9LD, EV 96.9 MPH) Axel Moltke scores Chris Riddick scores
|
|
Batting: SHB Matt Moore
|
0-0: Ball 1-0: Ball 2-0: Ball 3-0: Fly out, F9 (Flyball, 89S, EV 88.1 MPH)
|
| Bottom of the 9th over - 2 runs, 3 hits, 0 errors, 1 left on base; Rome 13 - Batavia 4 |
|